 Dungeon Crawl Stone Soup version 0.26.1-10-gdfb7c7de75 (webtiles) character file.

Game seed: 7775275932326288832

461 Almogavar the Conjurer (level 6, 0/29 (32) HPs)
             Began as a Deep Elf Conjurer on Apr 12, 2021.
             Slain by a wight
             ... wielding a +3 short sword of freezing
              (1 damage)
             ... on level 6 of the Dungeon.
             The game lasted 00:11:12 (3023 turns).

Almogavar the Conjurer (Deep Elf Conjurer)          Turns: 3023, Time: 00:11:12

HP:   0/29 (32)     AC:  9    Str:  4    XL:     6   Next: 79%
MP:   16/17         EV: 13    Int: 25    God:
Gold: 274           SH:  0    Dex: 13    Spells: 16/17 levels left

rFire    . . .     SeeInvis .   a - +0 dagger (freeze)
rCold    . . .     Faith    .   (no shield)
rNeg     . . .     Spirit   .   w - +1 robe {Will+}
rPois    .         Reflect  .   l - +0 helmet
rElec    .         Harm     .   s - +2 cloak
rCorr    .         Rampage  .   v - +0 pair of gloves
Will     +....                  c - +0 pair of boots
Stlth    ++........             (no amulet)
HPRegen  0.09/turn              (no ring)
MPRegen  0.15/turn              (no ring)

@: drained
A: no striking features
a: no special abilities


You were on level 6 of the Dungeon.
You visited 1 branch of the dungeon, and saw 5 of its levels.

You collected 274 gold pieces.

Inventory:

Hand Weapons
 a - a +0 dagger of freezing (weapon)
Armour
 c - a +0 pair of boots (worn)
 i - a +0 leather armour
 l - a +0 helmet (worn)
 o - a +0 scale mail of fire resistance
 p - a +0 ring mail
 s - a +2 cloak (worn)
 v - a +0 pair of gloves (worn)
 w - a +1 robe of willpower (worn)
Wands
 f - a wand of flame (19)
 r - a wand of random effects (26)
Scrolls
 b - a scroll of teleportation
 e - a scroll of remove curse
 j - 2 scrolls of noise {unknown}
 k - a scroll of fear
 q - a scroll of fog
 t - a scroll of amnesia {unknown}
Potions
 g - a potion of brilliance
 m - a potion of might {unknown}
 n - a potion of heal wounds {unknown}


   Skills:
 + Level 2.7 Dodging
 + Level 3.6 Stealth
 + Level 6.3 Spellcasting
 + Level 7.2 Conjurations


You had 16 spell levels left.
You knew the following spells:

 Your Spells              Type           Power        Failure   Level
a - Magic Dart            Conj           100%         1%          1

Your spell library contained the following spells:

 Spells                   Type           Power        Failure   Level
 Searing Ray              Conj           86%          1%          2
 Dazzling Flash           Conj/Hex       50%          4%          3
 Fulminant Prism          Conj/Hex       12%          16%         4
 Iskenderun's Mystic Bla  Conj/Tloc      25%          16%         4


Dungeon Overview and Level Annotations

Branches:
Dungeon (4/15)
 Temple: D:4-7

Altars:


Message History

Confirm with . or Enter, or press ? or * to list all spells.
Aiming: Magic Dart (safe; 1% risk of failure)
Press: ? - help, Shift-Dir - straight line, f/p - wight
Aim: a wight, wielding a +3 short sword of freezing and wearing a +0 robe (black smoke, moderately damaged, 0% to evade)
The magic dart hits the wight.
The wight is heavily damaged.
The wight hits you but does no damage.
It was a potion of magic.
Magic courses through your body. The wight hits you but does no damage.
Casting: Magic Dart (safe; 1% risk of failure)
Confirm with . or Enter, or press ? or * to list all spells.
Aiming: Magic Dart (safe; 1% risk of failure)
Press: ? - help, Shift-Dir - straight line, f/p - wight
Aim: a wight, wielding a +3 short sword of freezing and wearing a +0 robe (black smoke, heavily damaged, 0% to evade)
The magic dart hits the wight but does no damage.
The wight is heavily damaged.
The wight hits you with a +3 short sword of freezing.
* * * LOW HITPOINT WARNING * * *
You feel drained.
You die...

####### #§§[).#
#§###÷# #§# ...
#§###...# #
#§§§#...#
#.###§#...#
#..@z§#...'
#######...#z #
#.###
###$########......
......O.Y.zzz.z...
###.....####.....z
#.....#.# #####
#.#.....#


You could see a wight.

Vanquished Creatures
  Sigmund (D:3)
  A bullfrog (D:6)
  4 wights (D:6)
  3 adders
  A worm (D:3)
  2 leopard geckos
  9 orcs (D:3)
  A bat (D:2)
  3 giant cockroaches
  A hobgoblin (D:1)
  5 jackals
  4 kobolds
  2 quokkas (D:2)
  2 ball pythons (D:2)
  4 frilled lizards
  8 goblins
  7 rats
58 creatures vanquished.

Notes
Turn   | Place    | Note
-------+----------+-------------------------------------------
     0 | D:1      | Almogavar the Deep Elf Conjurer began the quest for the
                  | Orb.
     0 | D:1      | Reached XP level 1. HP: 10/10 MP: 6/6
   184 | D:1      | Reached XP level 2. HP: 11/15 MP: 0/8
   364 | D:1      | Reached skill level 5 in Conjurations
   778 | D:2      | Reached XP level 3. HP: 19/19 MP: 5/9
  1339 | D:2      | You fall into a shaft and drop 2 floors!
  1624 | D:3      | Reached XP level 4. HP: 24/24 MP: 7/11
  1980 | D:3      | Noticed Sigmund
  1985 | D:3      | Killed Sigmund
  1986 | D:3      | Reached skill level 6 in Conjurations
  1986 | D:3      | Reached XP level 5. HP: 28/28 MP: 7/14
  2727 | D:3      | You fall into a shaft and drop 3 floors!
  2728 | D:6      | Noticed an ogre
  2728 | D:6      | Noticed an ice beast
  2754 | D:6      | Reached skill level 5 in Spellcasting
  2754 | D:6      | Reached XP level 6. HP: 20/32 MP: 8/15
  2974 | D:6      | Reached skill level 7 in Conjurations
  3016 | D:6      | HP: 1/30 [wight/+3 short sword of freezing (1)]
  3023 | D:6      | HP: 1/30 [wight/+3 short sword of freezing (5)]
  3023 | D:6      | Slain by a wight

Illustrated notes

Levels and vault maps discovered:
D:1:      roderic_crop_circles_arrival_small, layout_rooms
D:2:      layout_basic
D:3:      layout_loops_corners, uniq_sigmund
D:4:      layout_basic, kennysheep_mini, kennysheep_doodads,
          nicolae_ru_path_of_blood, uniq_edmund
D:6:      layout_basic, serial_shops, nicolae_shop_behind_doors

Skill      XL: |  1  2  3  4  5  6 |
---------------+-------------------+-----
Conjurations   | 5 6 7 |  7.2
Stealth        | 3 |  3.6
Spellcasting   | 4 5 6 |  6.3
Dodging        | |  2.7

Action                   |  1- 3 |  4- 6 || total
-------------------------+-------+-------++-------
Melee: Short sword       |     5 |       ||     5
       Dagger            |       |    22 ||    22
 Cast: Magic Dart        |    65 |    78 ||   143
  Use: Scroll            |     2 |     9 ||    11
       Potion            |       |     2 ||     2
Armor: Robe              |       |     8 ||     8
Dodge: Dodged            |     5 |    27 ||    32
